 Seeded DCSS version 0.31.0-32-g396128a36d (webtiles) character file.

Game seed: 4512655440555121726 (custom seed)

249 timneilson the Sneak (level 6, 0/35 HPs)
             Began as a Kobold Enchanter on Mar 30, 2024.
             Slain by a ribbon worm (5 damage)
             ... on level 4 of the Dungeon.
             The game lasted 00:10:20 (3035 turns).

timneilson the Sneak (Kobold Enchanter)             Turns: 3035, Time: 00:10:20

Health: 0/35       AC:  4    Str:  6    XL:     6   Next: 34%
Magic:  9/9        EV: 16    Int: 16    God:
Gold:   142        SH:  0    Dex: 17    Spells: 9/9 levels left

rFire   . . .        a - +1 dagger
rCold   . . .        (no shield)
rNeg    . . .        b - +0 robe
rPois   .            m - +0 helmet
rElec   .            (no cloak)
rCorr   +            l - +0 pair of gloves
SInv    .            (no boots)
Will    .....        (no amulet)
Stlth   ++++         q - ring of resist corrosion
HPRegen 0.25/turn    (no ring)
MPRegen 0.11/turn

%: no passive effects
@: no status effects
A: small, no large weapons, nightstalker 3
a: no special abilities


You were on level 4 of the Dungeon.
You visited 1 branch of the dungeon, and saw 4 of its levels.

You collected 142 gold pieces.

Inventory:

Hand Weapons
 a - a +1 dagger (weapon)
Missiles
 h - 2 curare-tipped darts (quivered)
Armour
 b - a +0 robe (worn)
 l - a +0 pair of gloves (worn)
 m - a +0 helmet (worn)
Jewellery
 q - a ring of resist corrosion (left hand)
Scrolls
 e - a scroll of blinking
 k - a scroll of summoning
 n - a scroll of torment
 o - a scroll of silence {unknown}
 s - a scroll of amnesia
 t - a scroll of enchant weapon {unknown}
Potions
 c - a potion of invisibility
 d - 3 potions of curing
 f - 2 potions of brilliance {unknown}
 g - 2 potions of enlightenment
 i - a potion of might
 j - 2 potions of heal wounds
 p - a potion of mutation {unknown}
 r - a potion of cancellation {unknown}


   Skills:
 + Level 2.3 Fighting
 * Level 4.1 Short Blades
 + Level 1.3 Armour
 * Level 4.4 Dodging
 + Level 5.1 Stealth
 - Level 2.1 Spellcasting
 - Level 3.0 Hexes


You had 9 spell levels left.
You didn't know any spells.
Your spell library contained the following spells:

 Spells                   Type           Power      Damage    Failure   Level
 Slow                     Hex            44%        N/A       6%          1
 Ensorcelled Hibernation  Hex/Ice        12%        N/A       17%         2
 Confusing Touch          Hex            11%        N/A       19%         3
 Sigil of Binding         Hex            11%        N/A       19%         3
 Tukima's Dance           Hex            11%        N/A       19%         3
 Call Imp                 Summ           2%         N/A       30%         2
 Sublimation of Blood     Necr           1%         N/A       30%         2
 Dazzling Flash           Conj/Hex       12%        N/A       32%         3
 Stone Arrow              Conj/Erth      2%         3d7       52%         3
 Vampiric Draining        Necr           1%         2d6       52%         3
 Animate Armour           Summ/Erth      2%         N/A       90%         4
 Summon Hydra             Summ           0%         N/A       100%        7
 Lehudib's Crystal Spear  Conj/Erth      0%         10d2      100%        8


Dungeon Overview and Level Annotations

Branches:
Dungeon (4/15)
 Temple: D:4-7

Altars:
Gozag


Innate Abilities, Weirdness & Mutations

You are small and have problems with some larger weapons.
You are completely attuned to the shadows.


Message History

You hit the ribbon worm.
The ribbon worm is heavily wounded.
The ribbon worm barely misses you.
You hit the ribbon worm.
The ribbon worm is heavily wounded.
You hit the ribbon worm.
The ribbon worm is severely wounded.
The ribbon worm bites you.
* * * LOW HITPOINT WARNING * * *
You barely miss the ribbon worm.
The ribbon worm is severely wounded.
The ribbon worm misses you.
You barely miss the ribbon worm.
The ribbon worm is severely wounded.
You barely miss the ribbon worm.
The ribbon worm is severely wounded.
The ribbon worm closely misses you.
You hit the ribbon worm but do no damage.
The ribbon worm is heavily wounded.
You hit the ribbon worm.
The ribbon worm is severely wounded.
The ribbon worm expels a string of sticky webbing.
The stream of webbing misses you.
There is a stone staircase leading up here.
The ribbon worm attacks as it pursues you!
The ribbon worm misses you.
The ribbon worm attacks as it pursues you!
The ribbon worm bites you.
* * * LOW HITPOINT WARNING * * *
The ribbon worm expels a string of sticky webbing.
The stream of webbing hits you but does no damage.
You are caught in a web!
There is a web here.
The web tears apart.
The ribbon worm expels a string of sticky webbing.
The stream of webbing hits you but does no damage.
You are caught in a web!
There is a stone staircase leading up here.
The ribbon worm bites you.
You die...

.... .....### ....
##....####. ....
###..##........ ####
#...####....#..
..########.###...<.#....
#w#........w...#........
#.#.######.####...#.....
#...# #.# #...#..####
#..## #.# ..#@#.## ....
#.. #.w.# ..... #..##
...... #..# #..# #..#
####


You could see a ribbon worm (catching breath).

Vanquished Creatures
  A scorpion (D:4)
  2 hounds (D:4)
  2 adders
  2 dart slugs (D:2)
  3 ribbon worms
  4 orcs (D:4)
  10 ball pythons
  9 bats
  8 endoplasms
  9 giant cockroaches
  9 goblins
  7 hobgoblins
  4 jackals
  6 kobolds
  2 quokkas
  3 frilled lizards
  11 rats
92 creatures vanquished.

Notes
Turn   | Place    | Note
-------+----------+-------------------------------------------
     0 | D:1      | timneilson the Kobold Enchanter began the quest for the
                  | Orb.
     0 | D:1      | Reached XP level 1. HP: 10/10 MP: 3/3
   117 | D:1      | Reached XP level 2. HP: 16/16 MP: 5/5
   338 | D:1      | Reached skill level 1 in Fighting
   343 | D:1      | Reached XP level 3. HP: 3/20 MP: 6/6
  1024 | D:2      | Reached XP level 4. HP: 19/25 MP: 7/7
  1854 | D:3      | Found an opulent altar of Gozag.
  2070 | D:3      | Reached XP level 5. HP: 25/29 MP: 8/8
  2351 | D:3      | Reached skill level 1 in Armour
  2804 | D:4      | Reached skill level 5 in Stealth
  2804 | D:4      | Reached XP level 6. HP: 31/35 MP: 9/9
  3035 | D:4      | Slain by a ribbon worm

Illustrated notes

Levels and vault maps discovered:
D:1:      amcnicky_arrival_blooded_trapdoor, layout_rooms, nicolae_wormholes
D:2:      layout_basic, minmay_pentomino_w4
D:3:      minmay_chambers_of_twos, layout_basic, lemuel_doored_altar,
          minmay_goblin_outpost
D:4:      layout_rooms, mainiacjoe_overflow_concentric_impassable,
          nicolae_sif_muna_condensation, serial_shops,
          nicolae_shop_tiny_statue_garden

Skill      XL: |  1  2  3  4  5  6 |
---------------+-------------------+-----
Short Blades   | 2 3 4 |  4.1
Fighting       | 1 2 |  2.3
Dodging        | 3 4 |  4.4
Armour         | 1 |  1.3
Stealth        | 5 |  5.1
Spellcasting   | |  2.1
Hexes          | |  3.0

Action                     |  1- 3 |  4- 6 || total
---------------------------+-------+-------++-------
  Melee: Dagger            |   119 |   238 ||   357
         Punch             |     1 |     3 ||     4
    Use: Scroll            |     6 |     3 ||     9
         Potion            |       |     1 ||     1
   Stab: Sleeping          |    20 |    17 ||    37
         Invisible         |       |     2 ||     2
 Armour: Robe              |    39 |    82 ||   121
  Dodge: Dodged            |    84 |   156 ||   240
